 Dungeon Crawl Stone Soup version 0.29-a0-284-gf9362112df (webtiles) character file.

Game seed: 13218351048325163771

177 sammy202020 the Skirmisher (level 5, -2/34 HPs)
             Began as a Gargoyle Berserker on Mar 16, 2022.
             Was a Believer of Trog.
             Frozen to death by an endoplasm (4 damage)
             ... on level 4 of the Dungeon.
             The game lasted 00:05:52 (2553 turns).

sammy202020 the Skirmisher (Gargoyle Berserker)     Turns: 2553, Time: 00:05:54

Health: -2/34      AC: 17    Str: 21    XL:     5   Next: 57%
Magic:  5/5        EV:  3    Int:  9    God:    Trog [**....]
Gold:   170        SH:  9    Dex:  9    Spells: 4/4 levels left

rFire   . . .      SeeInvis .   v - +0 flail
rCold   . . .      Faith    .   t - +0 tower shield
rNeg    + . .      Spirit   .   c - +0 chain mail
rPois   ∞          Reflect  .   (no helmet)
rElec   +          Harm     .   (no cloak)
rCorr   .          Rampage  .   (no gloves)
Will    ++...                   (no boots)
Stlth   ..........              (no amulet)
HPRegen 1.11/turn               p - +4 ring of protection
MPRegen 0.09/turn               (no ring)

@: strong-willed, regenerating
A: sickness immunity, AC +4, negative energy resistance 1, electricity
resistance, torment resistance 1, petrification resistance
a: Renounce Religion, Berserk, Trog's Hand


You were on level 4 of the Dungeon.
You worshipped Trog.
Trog was pleased with you.
You visited 1 branch of the dungeon, and saw 4 of its levels.

You collected 170 gold pieces.

Inventory:

Hand Weapons
 a - a +0 mace
 v - a +0 flail (weapon)
Missiles
 j - 3 poisoned darts (quivered)
 r - 3 curare-tipped darts
Armour
 c - a +0 chain mail (worn)
 t - a +0 tower shield (worn)
Jewellery
 f - a ring of ice
 o - a ring of fire
 p - a +4 ring of protection (left hand)
Wands
 n - a wand of flame (26)
Scrolls
 b - a scroll of holy word
 g - 3 scrolls of amnesia
 h - a scroll of immolation
Potions
 d - a potion of might {unknown}
 i - a potion of heal wounds
 k - a potion of curing
 l - a potion of attraction {unknown}
 q - a potion of resistance


   Skills:
 * Level 4.4 Fighting
 * Level 3.9 Maces & Flails
 * Level 3.8 Armour
 + Level 2.2 Dodging
 * Level 0.3 Shields


You had 4 spell levels left.
You didn't know any spells.
Your spell library was empty.

Dungeon Overview and Level Annotations

Branches:
Dungeon (4/15)
 Temple: D:4-7

Altars:
Zin


Innate Abilities, Weirdness & Mutations

You are immune to sickness and miasma.
Your stone body is resilient. (AC +4)
You are immune to poison.
You resist negative energy. (rN+)
You are resistant to electric shocks. (rElec)
You are resistant to unholy torment.
You are immune to petrification.


Message History

You resist with some effort. The kobold barely misses you.
The orc hits you with a +0 club.
The orc priest invokes the aid of Beogh against you.
You barely resist. You block the orc's attack.
The kobold hits you but does no damage.
The orc wizard hits you but does no damage.
The orc attacks as you move away! The orc barely misses you.
The orc attacks as you move away! You block the orc's attack.
The orc priest invokes the aid of Beogh against you.
Beogh smites you!
* * * LOW HITPOINT WARNING * * *
The orc wizard gestures at you while chanting.
The magic dart hits you but does no damage.
You open the door. The orc hits you but does no damage.
You block the orc's attack.
The orc wizard hits you but does no damage.
The orc attacks as you move away! The orc hits you but does no damage.
The orc attacks as you move away! The orc hits you but does no damage.
The orc wizard attacks as you move away!
The orc wizard hits you but does no damage.
There is an open door here.
You hit the orc wizard but do no damage.
The orc wizard is moderately wounded.
You block the orc's attack. You block the orc wizard's attack.
You hit the endoplasm.
The endoplasm is lightly wounded.
The endoplasm freezes you.
You are frozen.
* * * LOW HITPOINT WARNING * * *
The endoplasm freezes you.
You are frozen.
* * * LOW HITPOINT WARNING * * *
Your skin crawls.
You feel strong-willed.
The orc wizard gestures wildly while chanting.
The orc wizard flickers and vanishes!
Deactivating autopickup; reactivate with Ctrl-A.
The endoplasm freezes you.
You are frozen.
You die...

..# ...#
.....##### ...#
#......#.##...#
#......#......#
#......#......#
#......#......#
#......#@.....#
#..>...#J#######
#.....K{o.....#
#.............#
#..........)..#
#.............#
+..)..........#
#.............#
##'############


You could see an orc priest, an endoplasm and a kobold.

Vanquished Creatures
  An ice beast (D:3)
  4 adders (D:2)
  A worm (D:2)
  2 dart slugs
  An orc (D:4)
  3 ball pythons
  2 bats
  6 endoplasms
  A giant cockroach (D:1)
  4 goblins
  3 hobgoblins
  3 jackals (D:2)
  5 quokkas
  2 frilled lizards
  4 kobolds
  4 rats
46 creatures vanquished.

Notes
Turn   | Place    | Note
-------+----------+-------------------------------------------
     0 | D:1      | sammy202020 the Gargoyle Berserker began the quest for the
                  | Orb.
     0 | D:1      | Reached XP level 1. HP: 14/14 MP: 1/1
   309 | D:1      | Reached XP level 2. HP: 17/19 MP: 2/2
  1052 | D:2      | Reached XP level 3. HP: 22/24 MP: 3/3
  1407 | D:2      | Reached XP level 4. HP: 23/29 MP: 4/4
  1587 | D:2      | Reached skill level 4 in Fighting
  1687 | D:2      | Found a faded altar of an unknown god.
  1937 | D:3      | Noticed an ice beast
  1948 | D:3      | Killed an ice beast
  1949 | D:3      | Reached XP level 5. HP: 31/34 MP: 5/5
  2014 | D:3      | Reached ** piety under Trog
  2481 | D:3      | Found a glowing silver altar of Zin.
  2481 | D:3      | Noticed an angel
  2552 | D:4      | HP: 1/34 [frozen (4)]
  2553 | D:4      | Frozen to death by an endoplasm

Illustrated notes

Levels and vault maps discovered:
D:1:      dpeg_arrival_tiny_d, layout_basic
D:2:      layout_basic, shapermc_ecumenical_altar_totnotflames
D:3:      layout_rooms, zin_angel, lemuel_coloured_pillars_altar
D:4:      layout_gridville

Skill      XL: |  1  2  3  4 |
---------------+-------------+-----
Armour         | 3 |  3.8
Dodging        | 2 |  2.2
Fighting       | 4 |  4.4
Maces & Flails | |  3.9
Shields        | |  0.3

Action                   |  1- 3 |  4- 6 || total
-------------------------+-------+-------++-------
Melee: Mace              |    82 |    70 ||   152
       Punch             |     1 |       ||     1
       Flail             |       |    15 ||    15
Invok: Trog's Hand       |       |     1 ||     1
  Use: Scroll            |       |    10 ||    10
Armor: Chain mail        |    73 |   101 ||   174
       Skin              |     1 |       ||     1
Dodge: Dodged            |    48 |    49 ||    97
Block: Tower shield      |       |    15 ||    15

Table legend: (Time is in decaauts)
 A = Elapsed time spent in this place.
 B = Non-inter-level travel time spent in this place.
 C = Inter-level travel time spent in this place.
 D = Time resting spent in this place.
 E = Time spent auto-exploring this place.
 F = Levels seen in this place.
 G = Mean time per level.
                   A        B        C        D        E       F      G
               +--------+--------+--------+--------+--------+-----+--------+
         Total |   2598 |   2598 |      0 |      0 |   2010 |   4 |  649.5 |
       Dungeon |   2598 |   2598 |      0 |      0 |   2010 |   4 |  649.5 |
               +--------+--------+--------+--------+--------+-----+--------+

Top non-repeatable levels by time:
     D:1: 1049 daAuts
     D:2: 908 daAuts
     D:3: 610 daAuts
     D:4: 30 daAuts
